 Dungeon Crawl Stone Soup version 0.21.1-1-g345015f (webtiles) character file.

1 Monsterracer the Vexing (level 1, 0/11 HPs)
             Began as a Deep Elf Arcane Marksman on June 17, 2018.
             Slain by a bat (1 damage)
             ... on level 1 of the Dungeon.
             The game lasted 00:00:23 (62 turns).

Monsterracer the Vexing (Deep Elf Arcane Marksman)    Turns: 62, Time: 00:00:24

Health: 0/11       AC:  2    Str:  7    XL:     1   Next: 16%
Magic:  5/5        EV: 13    Int: 17    God:
Gold:   0          SH:  0    Dex: 15    Spells: 2/3 levels left

rFire    . . .     SeeInvis .   a - +0 shortbow
rCold    . . .     Gourm    .   (shield currently unavailable)
rNeg     . . .     Faith    .   e - +0 robe
rPois    .         Spirit   .   (no helmet)
rElec    .         Reflect  .   (no cloak)
rCorr    .         Harm     .   (no gloves)
MR       .....                  (no boots)
Stlth    +.........             (no amulet)
HPRegen  0.03/turn              (no ring)
MPRegen  0.09/turn              (no ring)

@: no status effects
A: no striking features
a: no special abilities


You were on level 1 of the Dungeon.
You were not hungry.

You visited 1 branch of the dungeon, and saw 1 of its levels.

Inventory:

Hand Weapons
 a - a +0 shortbow (weapon)
 b - a +2 dagger of flaming
Missiles
 d - 18 arrows (quivered)
Armour
 e - a +0 robe (worn)
Scrolls
 g - 2 scrolls of fear {unknown}
Books
 f - a book of Debilitation

   Spells                             Type                      Level
   a - Corona                         Hexes                        1
   b - Slow                           Hexes                        2
   c - Inner Flame                    Hexes/Fire                   3
   d - Portal Projectile              Hexes/Translocation          3
   e - Cause Fear                     Hexes                        4
   f - Leda's Liquefaction            Hexes/Earth                  4
Comestibles
 c - a ration


   Skills:
 + Level 0.8 Fighting
 * Level 2.3 Bows
 - Level 2.4 Dodging
 - Level 1.5 Spellcasting
 - Level 4.0 Hexes


You had 2 spell levels left.
You knew the following spells:

 Your Spells              Type           Power        Failure   Level  Hunger
a - Corona                Hex            ##.....      3%          1    ##.....


Dungeon Overview and Level Annotations

Branches:
Dungeon (1/15)

Altars:


Message History

c - a ration;
f - a book of Debilitation Welcome, Monsterracer the Deep Elf Arcane Marksman.
The bosom of this dungeon contains the fabled artefact, the Orb of Zot.
Press ? for a list of commands and other information.
Found a staircase leading out of the dungeon.
Found a runed dagger.
Found 2 scrolls labeled NUYMEU KAWIOT.
You see here a runed dagger.
b - a runed dagger Wield which item (- for none, * to show all)? (? for menu, Esc to quit)
Your +2 dagger of flaming bursts into flame!
b - a +2 dagger of flaming (weapon)
Your +2 dagger of flaming stops flaming.
a - a +0 shortbow (weapon)
You open the door.
A goblin comes into view.
The goblin shouts!
There is an open door here.
Your +2 dagger of flaming bursts into flame!
b - a +2 dagger of flaming (weapon)
You see here 2 scrolls labeled NUYMEU KAWIOT.
g - 2 scrolls labeled NUYMEU KAWIOT You hit the goblin.
You burn the goblin.
The goblin is severely wounded.
The goblin closely misses you.
You hit the goblin. You burn the goblin.
You kill the goblin!
No target in view!
Found a stone staircase leading down.
Found a stone staircase leading down.
Your +2 dagger of flaming stops flaming.
a - a +0 shortbow (weapon)
A bat comes into view.
A bat is nearby!
Your +2 dagger of flaming bursts into flame!
b - a +2 dagger of flaming (weapon)
The bat hits you but does no damage. The bat hits you but does no damage.
You barely miss the bat. The bat completely misses you.
The bat hits you but does no damage.
You hit the bat. You burn the bat.
The bat is severely wounded.
The bat barely misses you. The bat closely misses you. The bat hits you.
The bat misses you. The bat closely misses you.
You take 1 damage, and have 10/11 hp.
You miss the bat.
The bat is moderately wounded.
The bat misses you.
A kobold comes into view. It is wielding a short sword.
The bat barely misses you.
The kobold shouts!
The bat barely misses you. The kobold hits you with a short sword.
* * * LOW HITPOINT WARNING * * *
You take 5 damage, and have 5/11 hp.
MASSIVE DAMAGE!!
The bat barely misses you. The bat barely misses you.
Your +2 dagger of flaming stops flaming.
a - a +0 shortbow (weapon)
The bat hits you but does no damage.
Firing (i - inventory):
d - 20 arrows (quivered)
Press: ? - help, Shift-Dir - straight line, f - bat
Aim: a bat (moderately wounded)
You shoot an arrow. The arrow barely misses the bat.
The arrow misses the kobold.
The bat barely misses you. The kobold hits you with a short sword.
* * * LOW HITPOINT WARNING * * *
You take 2 damage, and have 3/11 hp.
Firing (i - inventory):
d - 19 arrows (quivered)
Press: ? - help, Shift-Dir - straight line, f/p - bat
Aim: a bat (moderately wounded)
You shoot an arrow. The arrow closely misses the kobold.
The arrow closely misses the bat.
The kobold hits you with a short sword.
* * * LOW HITPOINT WARNING * * *
You take 2 damage, and have 1/11 hp.
The bat hits you.
You die...

#.#. ##...#.#
#.##.###.##.# #.#
#......># ...##....####
....#.##.#
......##.####
##........#
#.###K##.######..
..#####.##..b@>........
#((........##.######..
#.####.##...#.#
#.#......# #........#
#####.#### #.# #.# #+#


You could see a bat and a kobold.

Vanquished Creatures
  A goblin (D:1)
1 creature vanquished.

Notes
Turn   | Place    | Note
-------+----------+-------------------------------------------
     0 | D:1      | Monsterracer the Deep Elf Arcane Marksman began the quest for the Orb.
     0 | D:1      | Reached XP level 1. HP: 11/11 MP: 5/5
    53 | D:1      | HP: 5/11 [kobold/short sword (5)]
    59 | D:1      | HP: 1/11 [kobold/short sword (2)]
    62 | D:1      | Slain by a bat

Action                   || total
-------------------------++-------
Melee: Dagger            ||     5
 Fire: Shortbow          ||     2
Armor: Robe              ||     4
Dodge: Dodged            ||    12

Vault maps used:
D:1:      roderic_crossed_star, serial_bayou_pond_d, minmay_gold_behind_fungi,
          minmay_pentomino_u4
